 Dungeon Crawl Stone Soup version 0.18.1-5-g4a78601 (webtiles) character file.

241 mopl the Sneak (level 5, -4/31 HPs)
             Began as a High Elf Enchanter on May 11, 2016.
             Slain by a hound (5 damage)
             ... on level 1 of the Dungeon.
             The game lasted 00:03:59 (1834 turns).

mopl the Sneak (High Elf Enchanter)                 Turns: 1834, Time: 00:04:00

Health: -4/31      AC:  3    Str:  7    XL:     5   Next: 80%
Magic:  1/10       EV: 13    Int: 18    God:
Gold:   71         SH:  0    Dex: 17    Spells: 3 memorised, 4 levels left

rFire  . . .     SeeInvis .     a - +1 dagger
rCold  . . .     Gourm    .     b - +1 robe
rNeg   . . .     Faith    .     (no shield)
rPois  .         Spirit   .     (no helmet)
rElec  .         Dismiss  .     (no cloak)
rCorr  .         Reflect  .     (no gloves)
SustAt .         Harm     .     (no boots)
MR     .....                    (no amulet)
Stlth  +++.......               (no ring)
                                (no ring)

@: not resistant to hostile enchantments, fairly stealthy
A: no striking features
a: no special abilities


You were on level 1 of the Dungeon.
You were not hungry.

You visited 1 branch of the dungeon, and saw 2 of its levels.

You collected 71 gold pieces.

Inventory:

Hand Weapons
 a - a +1 dagger (weapon)
Missiles
 f - 6 needles of sleeping
Armour
 b - a +1 robe (worn)
Scrolls
 e - 4 scrolls of identify {unknown}
 h - a scroll of random uselessness {unknown}
 k - a scroll of enchant weapon {unknown}
Potions
 g - a potion of might {unknown}
 i - a potion of degeneration {unknown}
 l - a potion of lignification {unknown}
Books
 c - a book of Maledictions

   Spells                             Type                      Level
   a - Corona                         Hexes                        1
   b - Ensorcelled Hibernation        Hexes/Ice                    2
   c - Confuse                        Hexes                        3
   d - Tukima's Dance                 Hexes                        3
   e - Dazzling Spray                 Conjuration/Hexes            3
Comestibles
 d - a bread ration
 j - a chunk of flesh


   Skills:
 + Level 2.6 Short Blades
 - Level 2.1 Dodging
 * Level 4.9 Stealth
 + Level 3.2 Spellcasting
 * Level 4.5 Hexes
 + Level 1.8 Ice Magic


You had 4 spell levels left.
You knew the following spells:

 Your Spells              Type           Power        Failure   Level  Hunger
a - Corona                Hex            ###....      2%          1    None
b - Ensorcelled Hibernat  Hex/Ice        ##....       10%         2    ##.....
c - Confuse               Hex            ###.....     10%         3    ###....


Dungeon Overview and Level Annotations

Branches:
Dungeon (2/15)

Altars:
Gozag
Sif Muna


Message History

A mysterious force pulls you upwards. The hatch slams shut behind you.
Casting: Ensorcelled Hibernation
Confirm with . or Enter, or press ? or * to list all spells.
Aiming: Ensorcelled Hibernation
Press: ? - help, Shift-Dir - straight line, f - hound
Aim: a hound (chance to defeat MR: 53%)
The hound resists with significant effort.
The hound barely misses you. The hound closely misses you.
A bat comes into view.
The hound bites you but does no damage.
There is an open door here.
The hound barely misses you. The hound bites you.
* * * LOW HITPOINT WARNING * * *
The hound bites you but does no damage. The hound bites you.
* * * LOW HITPOINT WARNING * * *
A giant newt comes into view.
The hound bites you.
You die...

#.#............#........#
#..............+........###
########.......#........##.
#......'.......'....#..###.
#.######...l...###.....# #.
#.# #.......###.....###.
#.# #.......##..........
#.# ###'#'####..........
#.########@#'####..........
#.........h.....#..........
#######.........#......>...
#.........#....b....#
#.##.#'####.........#
######.##.#........#......
#.........###.........####
#.###.......'.........#...
#.# #########........##.#.


You could see a hound and a giant newt (wandering).

Vanquished Creatures
  Sigmund (D:2)
  A hound (D:2)
  An adder (D:2)
  2 worms (D:2)
  2 dart slugs
  A giant gecko (D:2)
  6 bats
  A giant cockroach (D:1)
  7 goblins
  6 hobgoblins
  A quokka (D:2)
  3 giant newts
  7 kobolds
  4 rats (D:1)
43 creatures vanquished.

Notes
Turn   | Place    | Note
--------------------------------------------------------------
     0 | D:1      | mopl the High Elf Enchanter began the quest for the Orb.
     0 | D:1      | Reached XP level 1. HP: 11/11 MP: 4/4
    98 | D:1      | Reached XP level 2. HP: 12/17 MP: 4/6
   102 | D:1      | Learned a level 2 spell: Ensorcelled Hibernation
  1150 | D:2      | Reached XP level 3. HP: 21/21 MP: 8/8
  1158 | D:2      | Learned a level 3 spell: Confuse
  1395 | D:2      | Found a deep blue altar of Sif Muna.
  1504 | D:2      | Found an opulent altar of Gozag.
  1561 | D:2      | Reached skill level 1 in Ice Magic
  1594 | D:2      | Reached skill level 4 in Stealth
  1725 | D:2      | Noticed Sigmund
  1757 | D:2      | Killed Sigmund
  1757 | D:2      | Reached skill level 2 in Short Blades
  1757 | D:2      | Reached skill level 3 in Spellcasting
  1757 | D:2      | Reached skill level 4 in Hexes
  1757 | D:2      | Reached XP level 4. HP: 24/27 MP: 0/9
  1757 | D:2      | Reached XP level 5. HP: 28/31 MP: 0/10
  1832 | D:1      | HP: 1/31 [hound (3)]
  1834 | D:1      | Slain by a hound

Skill      XL: |  1  2  3 |
---------------+----------+-----
Ice Magic      | 1 |  1.8
Stealth        | 4 |  4.9
Short Blades   | 2 |  2.6
Spellcasting   | 3 |  3.2
Hexes          | 4 |  4.5
Dodging        | |  2.1

Action                   |  1- 3 |  4- 6 || total
-------------------------+-------+-------++-------
Melee: Dagger            |   119 |     1 ||   120
 Cast: Corona            |     6 |       ||     6
       Ensorcelled Hiber |    26 |     4 ||    30
       Confuse           |     2 |       ||     2
 Stab: Sleeping          |    23 |     1 ||    24
  Eat: Chunk             |     4 |     1 ||     5
Armor: Robe              |    24 |     6 ||    30
Dodge: Dodged            |    77 |     8 ||    85
